Unix NetHack Version 5.0.0-0 post-release - last build May 10 2026 23:12:36 (d1fa5d53e341ca933230fdaa984d921c805b60aa,branch:main).

Game began 2026-05-15 16:38:10, ended 2026-05-15 17:12:25.

Drastanta, lawful female human Samurai

 ------------
 |.<.`......|
 |.`...`.....####
 |..`.....((| ########@#
 |..`.`*`....## ##     Y
 -------.----    ##     .

Drastanta the Ronin    St:16 Dx:16 Co:18 In:9 Wi:8 Ch:9  Lawful
Dlvl:7  $:197 HP:0(52) Pw:15(15) AC:4  Xp:5 T:2442 

Latest messages:
 Something is written here in the dust.
 You read: " |b r t?".
 You see here 12 rocks.
 Something is written here in the dust.
 You read: "  |  etn".
 You see here a looking glass.
 What do you want to drop? [$a-gi-mo-yA-F or ?*] ?
 Never mind.
 You drop a dwarvish mattock.
 You drop a dwarvish iron helm.
 You drop a pair of iron shoes.
 You drop a dwarvish cloak.
 You drop a dwarvish cloak.
 You drop an elven mithril-coat.
 Your movements are now unencumbered.
 You drop a dark brown spellbook.
 You drop a thin spellbook.
 You drop a brown potion.
 You drop a murky potion.
 You drop a potion of sake.
 You drop a brass lantern.
 You see here a looking glass.
 The owlbear hits!
 The owlbear hits again!
 The owlbear grabs you!
 You cannot escape from the owlbear!
 The owlbear hits!
 The owlbear just misses!
 You are being crushed.
 You cannot escape from the owlbear!
 You cannot escape from the owlbear!
 The owlbear just misses!
 The owlbear hits!
 You are being crushed.
 Are you sure you want to pray? [yn] (n) y
 You begin praying to Amaterasu Omikami.
 You are surrounded by a shimmering light.
 The owlbear loosens its grip slightly.
 The owlbear loosens its grip slightly.
 The owlbear loosens its grip slightly.
 You finish your prayer.
 You feel that Amaterasu Omikami is well-pleased.
 Your katana softly glows with a light blue aura.
 You cannot escape from the owlbear!
 The owlbear hits!
 The owlbear hits again!
 You are being crushed.
 You die...
 Do you want your possessions identified? [ynq] (y) y
 Do you want to see your attributes? [ynq] (y) q

Inventory:
 Coins    ('$')
  $ - 197 gold pieces
 Weapons  (')')
  d - 34 +0 ya (in quiver)
  c - a +0 yumi (alternate weapon; not wielded)
  a - a blessed +0 katana (weapon in right hand)
  b - a +0 wakizashi
 Armor    ('[')
  e - an uncursed rustproof +0 splint mail (being worn)
 Comestibles  ('%')
  p - 2 uncursed gunyoki
  u - an uncursed melon
 Scrolls  ('?')
  i - a blessed scroll of enchant armor
  C - an uncursed scroll of identify
  v - a blessed scroll of punishment
  r - a blessed scroll of remove curse
  D - an uncursed scroll of remove curse
  g - an uncursed scroll of taming
  k - a blessed scroll of teleportation
  m - 2 uncursed scrolls of teleportation
 Wands    ('/')
  s - a wand of light (0:11)
  l - a wand of undead turning (0:5)

Drastanta the Samurai's attributes:

Background:
 You were a Ronin, a level 5 female human Samurai.
 You were lawful, on a mission for Amaterasu Omikami
 who was opposed by Raijin (neutral) and Susanowo (chaotic).
 You were right-handed.
 You were in the Gnomish Mines, on level 7.
 You entered the dungeon 2442 turns ago.
 You had 288 experience points, 32 more were needed to attain level 6.

Basics:
 You had 0 out of 52 hit points.
 You had all 15 energy points (spell power).
 Your armor class was 4.
 Your wallet contained 197 zorkmids.
 Autopickup was off.

Final Characteristics:
 Your strength was 16 (limit:18/100).
 Your dexterity was 16 (limit:18).
 Your constitution was 18 (limit:18).
 Your intelligence was 9 (limit:18).
 Your wisdom was 8 (limit:18).
 Your charisma was 9 (limit:18).

Final Status:
 You were held by an owlbear (southeast).
 You weren't hungry.
 You were unencumbered.
 You were wielding a long sword.
 You had basic skill with long sword.

Final Attributes:
 You were piously aligned.
 You were warded.
 You were fast.
 You are dead.

Miscellaneous:
 You encountered 1 bones level.
 Total elapsed playing time was 34 minutes and 14 seconds.

Major events:
 Turn
    1: Drastanta the lawful female human Samurai entered the dungeon
  868: attained the rank of Ronin (level 3)
 1306: entered the Gnomish Mines
 2442: killed by an owlbear

You didn't know any spells.

Skills:
 Fighting Skills
   martial arts      [Basic]
   two weapon combat [Unskilled]
   riding            [Unskilled]
 Weapon Skills
   dagger            [Unskilled]
   knife             [Unskilled]
   short sword       [Basic]
   broadsword        [Unskilled]
   long sword        [Basic]
   two-handed sword  [Unskilled]
   saber             [Unskilled]
   flail             [Unskilled]
   quarterstaff      [Unskilled]
   polearms          [Unskilled]
   spear             [Unskilled]
   lance             [Unskilled]
   bow               [Basic]
   shuriken          [Unskilled]
 Spellcasting Skills
   attack spells     [Unskilled]
   divination spells [Unskilled]
   clerical spells   [Unskilled]

Voluntary challenges:
 Character rerolling was not enabled.
 You were illiterate.
 You never genocided any monsters.
 You never polymorphed an object.
 You never changed form.
 You used no wishes.
Achievements:
 You entered a shop.
 You attained the rank of Ronin.
 You entered the Gnomish Mines.

 The Dungeons of Doom: levels 1 to 5
    Level 1:
       A fountain.
    Level 2:
       A potion shop.
    Level 3:
       A grave.
    Level 4:
       A general store.
       Stairs down to The Gnomish Mines.
    Level 5:
 The Gnomish Mines: levels 5 to 7
    Level 5:
    Level 6:
    Level 7: <- You were here.
       Final resting place for
          you, killed by an owlbear,
          wishstudio-Wiz-Elf-Fem-Cha, killed by a plains centaur.


Vanquished creatures:
  a bugbear
 an imp
  a wood nymph
 an orc shaman
  a rock piercer
  2 gnome leaders
  3 dwarves
  a rabid rat
  a giant bat
 an iguana
 an acid blob
  2 coyotes
  a gas spore
  a large kobold
  2 hobgoblins
  a green mold
 17 gnomes
  a gnome zombie
  a gecko
  2 jackals
  a kobold
  a goblin
  a sewer rat
  a grid bug
  2 lichens
  a kobold zombie
  3 newts
52 creatures vanquished.

No species were genocided or became extinct.

Game over:
                       ----------
                      /          \
                     /    REST    \
                    /      IN      \
                   /     PEACE      \
                  /                  \
                  |    Drastanta     |
                  |      197 Au      |
                  |   killed by an   |
                  |     owlbear      |
                  |                  |
                  |                  |
                  |       2026       |
                 *|     *  *  *      | *
        _________)/\\_//(\/(/\)/\//\/|_)_______

Sayonara Drastanta the Samurai...

You died in The Gnomish Mines on dungeon level 7 with 1630 points,
and 197 pieces of gold, after 2442 moves.
You were level 5 with a maximum of 52 hit points when you died.

